 Dungeon Crawl Stone Soup version 0.16-a0-2984-g889390b (webtiles) character file.

1643 Chiseanne the Fighter (level 8, 0/90 HPs)
             Began as a Minotaur Wanderer on Dec 6, 2014.
             Was a Follower of Qazlal.
             Killed from afar by a deep elf fighter (5 damage)
             ... with a magic dart
             ... on level 5 of the Dungeon.
             The game lasted 00:13:41 (4019 turns).

Chiseanne the Fighter (Minotaur Wanderer)           Turns: 4019, Time: 00:13:41

Health: 0/90       AC: 10    Str: 24    XL:     8   Next: 67%
Magic:  3/3        EV: 12    Int: 10    God:    Qazlal [*.....]
Gold:   179        SH:  1    Dex:  9    Spells: 0 memorised, 7 levels left

rFire  + . .     SeeInvis +     a - +2 whip (elec)
rCold  . . .     Clarity  .     e - +3 ring mail {rF+}
rNeg   . . .     SustAb   .     (no shield)
rPois  .         Gourm    +     (helmet restricted)
rElec  .         Spirit   .     B - +0 cloak
rCorr  .         Warding  .     (no gloves)
rMut   .         Stasis   .     (no boots)
MR     .....                    q - amulet of the gourmand
Stlth  +.........               t - ring of see invisible
                                r - ring of flight

@: mighty, slowed, very slow, not resistant to hostile enchantments, very
unstealthy
A: retaliatory headbutt, horns 2
a: Renounce Religion, Evoke Flight


You were on level 5 of the Dungeon.
You worshipped Qazlal.
Qazlal was aware of your devotion.
You were completely stuffed.

You visited 1 branch of the dungeon, and saw 5 of its levels.

You collected 179 gold pieces.

Inventory:

Hand weapons
 a - a +2 whip of electrocution (weapon)
 h - a +0 blowgun
 s - a +1 flail of venom
 E - a cursed +0 morningstar
Missiles
 m - 31 poisoned needles
 y - a throwing net (quivered)
 z - 3 tomahawks
 A - 2 javelins
 C - 8 needles of slowing
Armour
 e - a +3 ring mail of fire resistance (worn)
 B - a +0 cloak (worn)
Jewellery
 q - an amulet of the gourmand (around neck)
 r - a ring of flight (left hand)
 t - a ring of see invisible (right hand)
Magical devices
 w - a wand of polymorph (11)
Scrolls
 g - 2 scrolls of teleportation
 n - a scroll of enchant weapon
 D - a scroll of amnesia
Potions
 b - a potion of lignification
 c - 3 potions of curing
 j - a potion of cancellation
 k - a potion of ambrosia
 l - 2 potions of might
 u - a potion of agility {unknown}
 v - a potion of resistance {unknown}
Books
 p - a book of Unlife

   Spells                             Type                      Level
   a - Recall                         Summoning/Translocation      3
   b - Animate Dead                   Necromancy                   4
   c - Control Undead                 Necromancy                   4
   d - Cigotuvi's Embrace             Necromancy                   5
   e - Death Channel                  Necromancy                   6
   f - Simulacrum                     Ice/Necromancy               6
Comestibles
 f - 3 bread rations
 o - a beef jerky


   Skills:
 * Level 14.9 Fighting
 * Level 5.5 Armour
 * Level 7.1 Dodging
 - Level 1.0 Stealth
   Level 2.4 Shields
 - Level 2.1 Unarmed Combat


You had 7 spell levels left.
You didn't know any spells.

Dungeon Overview and Level Annotations

Branches:
Dungeon (5/15)             Temple (0/1) D:4

Altars:
Cheibriados
Qazlal
Sif Muna
Trog


Innate Abilities, Weirdness & Mutations

You reflexively headbutt those who attack you in melee.
You have a pair of horns on your head.


Message History

You closely miss the deep elf fighter. You punch the deep elf fighter.
The deep elf fighter is almost dead.
The deep elf fighter is engulfed in roaring flames.
You kill the deep elf fighter!
Qazlal accepts your kill.
The deep elf fighter hits you with a long sword!
* * * LOW HITPOINT WARNING * * *
The wight misses you.
The deep elf fighter hits you but does no damage.
The wight hits you with a long sword.
* * * LOW HITPOINT WARNING * * *
You completely miss the deep elf fighter.
The deep elf fighter hits you with a long sword.
* * * LOW HITPOINT WARNING * * *
The deep elf fighter hits you with a long sword!
* * * LOW HITPOINT WARNING * * *
The wight hits you but does no damage.
The deep elf fighter casts a spell at you.
The magic dart hits you!
You die...

... #.#... ..
#...... #.# #.#
#.......
...#.#..#
#.......# ......
#.. ##.......
##....#
#.##......#
.......##......#
#.......§##)....#
##.ze@..#.#.#
#^#.§#.#...#.#
##......###.#
.......#####.#
............<#.#
..............#
....#........#
#.........#.#
.##..####.#


You could see a deep elf fighter and a wight.

Vanquished Creatures
  2 deep elf fighters (D:5)
  Menkaure (D:4)
  An ogre (D:4)
  2 centaurs (D:3)
  Blork the orc (D:5)
  A wight (D:5)
  2 hounds (D:4)
  An orc priest (D:4)
  An orc wizard (D:4)
  6 worker ants
  4 adders
  An adder skeleton (D:4)
  3 giant geckos
  8 orcs
  5 bats
  4 giant cockroaches
  10 goblins
  8 hobgoblins
  6 kobolds
  2 quokkas
  8 rats
77 creatures vanquished.

Notes
Turn   | Place    | Note
--------------------------------------------------------------
     0 | D:1      | Chiseanne, the Minotaur Wanderer, began the quest for the Orb.
     0 | D:1      | Chiseanne set off with: a +2 leather armour, a potion of lignification, a potion of curing, a +0 club, a bread ration
     0 | D:1      | Reached XP level 1. HP: 18/18 MP: 1/1
   304 | D:1      | Reached XP level 2. HP: 19/25 MP: 1/1
   768 | D:2      | Reached skill level 4 in Dodging
   850 | D:2      | Reached XP level 3. HP: 26/30 MP: 2/2
  1503 | D:3      | Reached skill level 1 in Armour
  1815 | D:3      | Noticed a centaur
  1820 | D:3      | Killed a centaur
  1820 | D:3      | Reached skill level 5 in Dodging
  1820 | D:3      | Reached XP level 4. HP: 26/38 MP: 2/2
  1823 | D:3      | Reached XP level 5. HP: 29/45 MP: 2/2
  1833 | D:3      | Noticed a centaur
  1846 | D:3      | Killed a centaur
  2226 | D:4      | Reached XP level 6. HP: 47/52 MP: 3/3
  2248 | D:4      | Found a snail-covered altar of Cheibriados.
  2252 | D:4      | Found a deep blue altar of Sif Muna.
  2274 | D:4      | Found a bloodstained altar of Trog.
  2276 | D:4      | Found a stormy altar of Qazlal.
  2285 | D:4      | Became a worshipper of Qazlal Stormbringer
  2345 | D:4      | Reached skill level 6 in Dodging
  2585 | D:4      | Noticed an ogre
  2592 | D:4      | Killed an ogre
  3068 | D:4      | Reached XP level 7. HP: 33/60 MP: 3/3
  3517 | D:4      | Reached skill level 5 in Armour
  3547 | D:4      | Reached skill level 14 in Fighting
  3547 | D:4      | Reached XP level 8. HP: 65/90 MP: 3/3
  3658 | D:4      | Found a staircase to the Ecumenical Temple.
  3658 | D:4      | Noticed Menkaure
  3662 | D:4      | Killed Menkaure
  3973 | D:5      | Entered Level 5 of the Dungeon
  3995 | D:5      | Noticed Blork the orc
  3999 | D:5      | Killed Blork the orc
  3999 | D:5      | Acquired Qazlal's first power
  4019 | D:5      | Killed from afar by a deep elf fighter

Action                   |  1- 3 |  4- 6 |  7- 9 || total
-------------------------+-------+-------+-------++-------
Melee: Whip              |    27 |    13 |    24 ||    64
       Club              |     3 |       |       ||     3
       Mace              |    74 |    26 |       ||   100
       Flail             |       |    17 |    37 ||    54
  Use: Scroll            |     8 |       |     5 ||    13
       Potion            |       |     1 |     4 ||     5
  Eat: Chunk             |    15 |     4 |     3 ||    22
